 Dungeon Crawl Stone Soup version 0.31-b1-22-gc680215f68 (webtiles) character file.

Game seed: 1899138681594407799

144 Weaver the Sneak (level 5, -2/24 HPs)
             Began as a Spriggan Enchanter on Jan 18, 2024.
             Incinerated by a bombardier beetle (5 damage)
             ... with a burning spray
             ... on level 4 of the Dungeon.
             The game lasted 00:16:13 (2002 turns).

Weaver the Sneak (Spriggan Enchanter)               Turns: 2002, Time: 00:16:14

Health: -2/24      AC:  2    Str:  4    XL:     5   Next: 5%
Magic:  15/20      EV: 18    Int: 17    God:
Gold:   130        SH:  0    Dex: 17    Spells: 5/11 levels left

rFire   . . .        m - +1 dagger (venom)
rCold   . . .        (no shield)
rNeg    . . .        b - +0 robe
rPois   +            (helmet restricted)
rElec   .            (no cloak)
rCorr   .            (gloves unavailable)
SInv    +            (boots unavailable)
Will    .....        (no amulet)
Stlth   ++           f - ring of poison resistance
HPRegen 0.24/turn    k - ring of magical power
MPRegen 0.17/turn

%: no passive effects
@: on fire, glowing, very quick
A: very small, no large weapons, unfitting armour, see invisible, speed 3,
inability to read after injury 1
a: no special abilities


You were on level 4 of the Dungeon.
You visited 1 branch of the dungeon, and saw 6 of its levels.

You collected 130 gold pieces.

Inventory:

Hand Weapons
 a - a +1 dagger of freezing
 m - a +1 dagger of venom (weapon)
Missiles
 h - 5 boomerangs
 i - 4 poisoned darts (quivered)
Armour
 b - a +0 robe (worn)
Jewellery
 f - a ring of poison resistance (left hand)
 g - a ring of magical power
 k - a ring of magical power (right hand)
 n - an amulet of faith
Wands
 p - a wand of flame (26)
Scrolls
 l - a scroll of vulnerability {unknown}
 q - a scroll of teleportation {unknown}
 r - a scroll of enchant weapon {unknown}
Potions
 c - 2 potions of invisibility
 d - 2 potions of might
 e - a potion of brilliance {unknown}
 o - 2 potions of haste {unknown}


   Skills:
 + Level 2.3 Short Blades
 + Level 3.8 Dodging
 * Level 6.3 Stealth
 + Level 3.5 Spellcasting
 + Level 4.3 Hexes


You had 5 spell levels left.
You knew the following spells:

 Your Spells              Type           Power      Damage    Failure   Level
a - Ensorcelled Hibernat  Hex/Ice        20%        N/A       11%         2
b - Apportation           Tloc           4%         N/A       17%         1
c - Confusing Touch       Hex            17%        N/A       9%          3

Your spell library contained the following spells:

 Spells                   Type           Power      Damage    Failure   Level
 Tukima's Dance           Hex            17%        N/A       9%          3
 Necrotise                Necr           8%         1d4       17%         1
 Sting                    Conj/Alch      8%         1d3       17%         1
 Summon Small Mammal      Summ           8%         N/A       17%         1
 Dazzling Flash           Conj/Hex       20%        N/A       21%         3
 Mercury Vapours          Alch/Air       4%         N/A       26%         2
 Mephitic Cloud           Conj/Alch/Air  2%         N/A       45%         3
 Olgreb's Toxic Radiance  Alch           2%         N/A       86%         4
 Silence                  Hex/Air        5%         N/A       88%         5
 Curse of Agony           Necr           2%         N/A       99%         5


Dungeon Overview and Level Annotations

Branches:
Dungeon (6/15)
 Temple: D:4-7

Altars:
Elyvilon
Nemelex Xobeh
Okawaru
Ru
Sif Muna
Trog
Zin

Shops:
D:3 *

Annotations:
D:2 Robin, Sigmund


Innate Abilities, Weirdness & Mutations

You are very small and have problems with some larger weapons.
You are too small for most types of armour.
You have supernaturally acute eyesight. (SInv)
You cover ground extremely quickly. (Speed+++)
You occasionally lose the ability to read scrolls when taking damage.


Message History

You kill the giant cockroach!
The bombardier beetle sprays incendiary fluid at you.
The burning spray hits you.
You are covered in liquid fire!
Casting: Ensorcelled Hibernation (safe; 12% risk of failure)
Confirm with . or Enter, or press ? or * to list all spells.
Aiming: Ensorcelled Hibernation (safe; 12% risk of failure)
Press: ? - help, Shift-Dir - straight line, f - bombardier beetle
Aim: a bombardier beetle (chance to affect: 43%)
The bombardier beetle resists with some effort.
The liquid fire burns you!
You shake off some of the fire as you move.
The liquid fire burns you!
The bombardier beetle sprays incendiary fluid at you.
The burning spray hits you.
You are even more covered in liquid fire!
Casting: Ensorcelled Hibernation (safe; 12% risk of failure)
Confirm with . or Enter, or press ? or * to list all spells.
Aiming: Ensorcelled Hibernation (safe; 12% risk of failure)
Press: ? - help, Shift-Dir - straight line, f/p - bombardier beetle
Aim: a bombardier beetle (chance to affect: 43%)
The bombardier beetle looks drowsy...
The liquid fire burns you!
You shake off some of the fire as you move.
The liquid fire burns you!
You shake off some of the fire as you move.
The liquid fire burns you!
* * * LOW HITPOINT WARNING * * *
The helpless bombardier beetle fails to defend itself.
You impale the bombardier beetle!!
You kill the bombardier beetle!
The liquid fire burns you!
* * * LOW HITPOINT WARNING * * *
You have reached level 5!
You feel clever.
It was a potion of mutation.
You feel extremely strange.
You occasionally lose the ability to read scrolls when taking damage.
You feel weaker.
You feel stronger. The liquid fire burns you!
You die...

.# '# .♣♣ .8♣### _..'.#
.8♣#.# . .♣♣#.# ...
'###.##############.....
................@.......
.##.###############..B..
..#.# ...
..#.###############?....
.>................'....
##..###############....
....### . ###...# ###+#


You could see a giant cockroach.

Vanquished Creatures
  A bombardier beetle (D:4)
  An iguana (D:3)
  2 adders (D:3)
  2 dart slugs
  3 orcs
  6 endoplasms
  2 giant cockroaches
  9 goblins
  4 hobgoblins
  7 jackals
  3 quokkas
  3 ball pythons
  4 bats
  2 frilled lizards
  4 kobolds
  4 rats
57 creatures vanquished.

Notes
Turn   | Place    | Note
-------+----------+-------------------------------------------
     0 | D:1      | Weaver the Spriggan Enchanter began the quest for the Orb.
     0 | D:1      | Reached XP level 1. HP: 9/9 MP: 5/5
   171 | D:2      | Noticed Sigmund
   171 | D:2      | Noticed Robin
   192 | D:1      | Reached XP level 2. HP: 13/13 MP: 6/6
   260 | D:1      | Learned a level 2 spell: Ensorcelled Hibernation
   262 | D:1      | Learned a level 1 spell: Apportation
   438 | D:1      | Reached skill level 5 in Stealth
   757 | D:2      | Reached XP level 3. HP: 13/16 MP: 5/8
   768 | D:2      | Identified the +0 ring mail of the Komodo Dragon {Str+6
                  | Dex+3 Stlth+}
   920 | D:3      | Found Zin's Purification Station.
  1145 | D:1      | Learned a level 3 spell: Confusing Touch
  1347 | D:3      | Reached XP level 4. HP: 18/21 MP: 9/9
  1547 | D:3      | Found a glowing silver altar of Zin.
  1587 | D:3      | Reached skill level 6 in Stealth
  1722 | D:3      | Found a sacrificial altar of Ru.
  1722 | D:3      | Found an iron altar of Okawaru.
  1731 | D:3      | Found a white marble altar of Elyvilon.
  1733 | D:3      | Found a bloodstained altar of Trog.
  1735 | D:3      | Found a sparkling altar of Nemelex Xobeh.
  1778 | D:4      | Found a shimmering blue altar of Sif Muna.
  1870 | D:5      | Entered Level 5 of the Dungeon
  1902 | D:5      | Noticed an ogre
  2002 | D:4      | Reached XP level 5. HP: 3/24 MP: 11/11
  2002 | D:4      | Gained mutation: You occasionally lose the ability to read
                  | scrolls when taking damage. [potion of mutation]
  2002 | D:4      | Gained mutation: You are weak. (Str -2) [potion of
                  | mutation]
  2002 | D:4      | Lost mutation: You are weak. (Str -2) [potion of mutation]
  2002 | D:4      | Incinerated by a bombardier beetle

Illustrated notes

Levels and vault maps discovered:
D:1:      psy_arrival_terrarium, layout_basic
D:2:      layout_rooms, uniq_sigmund, uniq_robin
D:3:      layout_loops_cross, zin_purify, chequers_temple_overflow_minitemple,
          serial_forest, infiniplex_forest_straight_2,
          infiniplex_forest_lined_corner, infiniplex_forest_clump_small,
          infiniplex_forest_zigzag_1, infiniplex_forest_diagonal,
          infiniplex_forest_lined_corner, fountainhead,
          nicolae_twisty_statue_hallways
D:4:      layout_basic, kennysheep_little_box, serial_shops, shop,
          uniq_crazy_yiuf_cottage
D:5:      minmay_chambers_of_fours, layout_basic
D:6:      layout_rooms, nicolae_wu_jian_immortal_techniques,
          mainiacjoe_overflow_alcove_2, minmay_temple_entry_overgrown,
          serial_shops, shop

Skill      XL: |  1  2  3  4 |
---------------+-------------+-----
Dodging        | 3 |  3.8
Stealth        | 5 6 |  6.3
Spellcasting   | 3 |  3.5
Hexes          | 4 |  4.3
Short Blades   | 2 |  2.3

Action                     |  1- 3 |  4- 6 || total
---------------------------+-------+-------++-------
  Melee: Dagger            |   125 |    21 ||   146
         Punch             |     1 |       ||     1
  Throw: Dart              |     3 |       ||     3
   Cast: Ensorcelled Hiber |    17 |    10 ||    27
         Apportation       |     4 |     1 ||     5
    Use: Scroll            |     1 |     2 ||     3
         Potion            |       |     1 ||     1
   Stab: Sleeping          |    17 |    12 ||    29
 Armour: Robe              |    47 |     4 ||    51
  Dodge: Dodged            |   109 |     7 ||   116
